 Dungeon Crawl Stone Soup version 0.22.0-2-ge58baed (webtiles) character file.

3829 Larett the Fighter (level 9, -7/91 HPs)
             Began as a Minotaur Berserker on Aug 12, 2018.
             Was a High Priest of Trog.
             Mangled by Harold
             ... wielding a +0 glaive of chopping
              (10 damage)
             ... on level 9 of the Dungeon.
             The game lasted 00:28:48 (8513 turns).

Larett the Fighter (Minotaur Berserker)             Turns: 8513, Time: 00:28:48

Health: -7/91      AC:  8    Str: 19    XL:     9   Next: 97%
Magic:  2/2        EV: 12    Int:  4    God:    Trog [*****.]
Gold:   453        SH:  0    Dex: 14    Spells: 8/8 levels left

rFire    . . .     SeeInvis +   a - +1 executioner's axe (antimagic)
rCold    . . .     Gourm    .   (shield currently unavailable)
rNeg     . . .     Faith    .   V - +3 leather armour of Sorcery {rElec MR+ Str-2}
rPois    +         Spirit   .   (helmet restricted)
rElec    +         Reflect  .   (no cloak)
rCorr    .         Harm     .   (no gloves)
MR       +....                  u - +1 pair of boots
Stlth    +.........             (no amulet)
HPRegen  0.25/turn              o - ring of poison resistance
MPRegen  0.08/turn              s - ring of see invisible

@: marked
A: retaliatory headbutt, horns 2
a: Berserk, Trog's Hand, Brothers in Arms, Renounce Religion


You were on level 9 of the Dungeon.
You worshipped Trog.
Trog was extremely pleased with you.
You were very hungry.

You visited 1 branch of the dungeon, and saw 9 of its levels.
You also visited: Ossuary.

You collected 453 gold pieces.

Inventory:

Hand Weapons
 a - a +1 antimagic executioner's axe (weapon)
 b - a +0 hunting sling
 K - a +3 dagger of venom
 O - a +1 war axe
Missiles
 e - 166 arrows
 f - 173 stones (quivered)
 i - 125 sling bullets
 v - 11 poisoned needles
 U - 11 tomahawks
Armour
 u - a +1 pair of boots (worn)
 D - the +0 scale mail of Untruth {rElec rF+ Str-5}
   (You found it on level 4 of the Dungeon)

   It affects your strength (-5).
   It protects you from fire.
   It insulates you from electricity.
 H - a +0 shield
 L - a +2 chain mail of poison resistance
 V - the +3 leather armour of Sorcery (worn) {rElec MR+ Str-2}
   (You found it on level 6 of the Dungeon)

   It affects your strength (-2).
   It insulates you from electricity.
   It affects your resistance to hostile enchantments.
Jewellery
 c - an uncursed ring of protection from cold
 g - an uncursed ring of resist corrosion
 h - an uncursed ring of fire
 o - a ring of poison resistance (left hand)
 s - a ring of see invisible (right hand)
Wands
 I - a wand of iceblast (11)
 P - a wand of paralysis (7)
 X - a wand of flame (83)
Scrolls
 y - 2 scrolls of enchant weapon
 B - 2 scrolls of blinking
 C - 4 scrolls of remove curse
 R - a scroll of fog {unknown}
 T - 7 scrolls of teleportation
 Y - a scroll of noise {unknown}
Potions
 d - a potion of resistance {unknown}
 k - 2 potions of agility
 l - a potion of haste
 m - 5 potions of berserk rage
 n - 2 potions of curing {unknown}
 p - a potion of cancellation {unknown}
 A - 6 potions of heal wounds
 E - a potion of flight {unknown}
 G - a potion of degeneration {unknown}
 Q - a potion of invisibility {unknown}
 S - a potion of magic {unknown}
 W - 2 potions of lignification {unknown}
 Z - a potion of ambrosia {unknown}
Comestibles
 j - 21 rations


   Skills:
 + Level 12.3 Fighting
 + Level 12.3 Axes
 - Level 2.4 Armour
 - Level 2.1 Dodging


You had 8 spell levels left.
You didn't know any spells.
Your spell library contained the following spells:

 Spells                   Type           Power        Failure   Level  Hunger
 Magic Dart               Conj           #...         56%         1    ##.....
 Confuse                  Hex            #.......     90%         3    ####...
 Iskenderun's Mystic Bla  Conj           #.......     100%        4    #####..
 Tukima's Dance           Hex            #.......     90%         3    ####...
 Spider Form              Tmut/Pois      #.........   90%         3    ####...
 Blade Hands              Tmut           #.........   100%        5    ######.
 Ice Form                 Ice/Tmut       #.......     100%        4    #####..
 Sticks to Snakes         Tmut           #.......     71%         2    ###....
 Ensorcelled Hibernation  Hex/Ice        #.....       71%         2    ###....
 Corona                   Hex            #......      56%         1    ##.....
 Beastly Appendage        Tmut           #.....       56%         1    ##.....
 Fulminant Prism          Conj/Hex       #.........   100%        4    #####..
 Dazzling Spray           Conj/Hex       #.....       90%         3    ####...
 Force Lance              Conj/Tloc      #.......     100%        4    #####..
 Searing Ray              Conj           #.....       71%         2    ###....


Dungeon Overview and Level Annotations

Branches:
Dungeon (9/15)             Temple (0/1) D:6
   Lair: D:8-11         Orc: D:9-12

Altars:
Ashenzari
Elyvilon
Fedhas
Gozag
Kikubaaqudgha
Qazlal
Ru
Trog
Xom
Yredelemnul

Annotations:
D:9 Harold


Innate Abilities, Weirdness & Mutations

You reflexively headbutt those who attack you in melee.
You have a pair of horns on your head.


Message History

You see here 20 gold pieces.
Harold misses you. You furiously retaliate!
You headbutt Harold, but do no damage. You barely miss Harold.
You headbutt Harold.
Harold is lightly wounded.
Harold hits you with a glaive of chopping!!
Harold hits you with a glaive of chopping!
You slash Harold!
Harold's magic leaks into the air.
Harold is lightly wounded.
Harold hits you with a glaive of chopping!
* * * LOW HITPOINT WARNING * * *
x2 You slice Harold!!
Harold's magic leaks into the air.
Harold is heavily wounded.
Harold hits you with a glaive of chopping!!
* * * LOW HITPOINT WARNING * * *
x2 Harold closely misses you.
You hit Harold but do no damage.
Harold is heavily wounded.
Harold hits you with a glaive of chopping!
You die...

#..#
#.............
#..#
#..##.........
#..#
#..##.......##
#..# #..##.......#
#..# #..##.......#
#..# #..##.......#
#..###..##.......#
#.......##.$.....#
#.......##.@.....#
#..###..##.@.....#
#..# #..##.......#
#..# #..##.....$.#
#..# #..##.......#
#..# #..##.......#
######..#
#..##.......#
#.......#
#..##.......#
#.......# #..#


You could see Harold.

Vanquished Creatures
  A hippogriff (D:7)
  A human (D:7)
  Sigmund (D:4)
  A yak (D:7)
  3 hogs (D:7)
  Menkaure (D:4)
  An ice beast (D:6)
  2 orc warriors (D:7)
  2 phantoms
  4 ogres
  2 elf zombies (Ossuary)
  A bullfrog (D:7)
  A wyvern zombie (D:7)
  2 scorpions (D:7)
  A wyvern skeleton (D:6)
  3 killer bees (D:6)
  2 electric eels (D:8)
  2 crimson imps
  A centaur zombie (Ossuary)
  2 bullfrog zombies (D:8)
  A hound (D:7)
  3 orc priests
  2 jellies
  2 human zombies (Ossuary)
  7 orc wizards
  A centaur skeleton (D:6)
  4 iguanas
  3 worker ants (D:6)
  A big kobold zombie (Ossuary)
  2 hound skeletons
  3 mummies (Ossuary)
  A worker ant zombie (D:7)
  A howler monkey skeleton (D:9)
  A gnoll (D:1)
  9 adders
  3 shadow imps
  2 adder skeletons
  3 adder zombies (Ossuary)
  6 worms
  5 dart slugs
  12 leopard geckos
  34 orcs
  A ball python (D:1)
  3 giant cockroaches
  4 gnoll zombies (Ossuary)
  9 goblins
  10 hobgoblins
  14 jackals
  4 kobolds
  5 quokkas
  7 bats
  6 frilled lizards
  3 goblin zombies (Ossuary)
  4 hobgoblin zombies (Ossuary)
  2 jackal zombies (Ossuary)
  3 kobold zombies (Ossuary)
  4 orc zombies (Ossuary)
  4 quokka zombies (Ossuary)
  4 rats
  4 rat zombies (Ossuary)
231 creatures vanquished.

Notes
Turn   | Place    | Note
-------+----------+-------------------------------------------
     0 | D:1      | Larett the Minotaur Berserker began the quest for the Orb.
     0 | D:1      | Reached XP level 1. HP: 19/19 MP: 0/0
    37 | D:1      | Reached XP level 2. HP: 8/27 MP: 1/1
   655 | D:1      | Reached XP level 3. HP: 16/34 MP: 2/2
  1376 | D:2      | Reached ** piety under Trog
  1534 | D:2      | Found a white marble altar of Elyvilon.
  1544 | D:2      | Reached XP level 4. HP: 39/41 MP: 3/3
  1570 | D:2      | Found a shimmering altar of Xom.
  1683 | D:2      | Found a shattered altar of Ashenzari.
  1683 | D:2      | Found a stormy altar of Qazlal.
  2343 | D:3      | Reached XP level 5. HP: 42/48 MP: 4/4
  2504 | D:3      | Reached *** piety under Trog
  2666 | D:3      | Reached skill level 6 in Fighting
  2748 | D:3      | Reached skill level 6 in Axes
  3054 | D:4      | Noticed an ogre
  3060 | D:4      | Killed an ogre
  3060 | D:4      | Reached XP level 6. HP: 35/58 MP: 5/5
  3069 | D:4      | Got a brightly glowing scale mail
  3080 | D:4      | Identified the +0 scale mail of Untruth {rElec rF+ Str-5} (You found it on level 4 of the Dungeon)
  3136 | D:4      | Found a blossoming altar of Fedhas.
  3137 | D:4      | Noticed Sigmund
  3140 | D:4      | Found an ancient bone altar of Kikubaaqudgha.
  3140 | D:4      | Noticed Menkaure
  3145 | D:4      | Killed Menkaure
  3149 | D:4      | Killed Sigmund
  3149 | D:4      | Reached XP level 7. HP: 66/66 MP: 6/6
  3702 | D:5      | Entered Level 5 of the Dungeon
  3947 | D:5      | Found a basalt altar of Yredelemnul.
  3949 | D:5      | Found an opulent altar of Gozag.
  5120 | D:6      | Reached XP level 8. HP: 73/75 MP: 7/7
  5317 | D:6      | Reached skill level 9 in Fighting
  5317 | D:6      | Reached skill level 9 in Axes
  5576 | D:6      | Got a distressingly furry leather armour
  5587 | D:6      | Identified the +3 leather armour of Sorcery {rElec MR+ Str-2} (You found it on level 6 of the Dungeon)
  5690 | D:6      | Reached **** piety under Trog
  5828 | D:6      | Found a staircase to the Ecumenical Temple.
  5831 | D:6      | Found a bloodstained altar of Trog.
  6507 | D:7      | Noticed a hippogriff
  6520 | D:7      | Killed a hippogriff
  6713 | D:7      | Reached XP level 9. HP: 86/86 MP: 8/8
  7052 | D:7      | Found a sacrificial altar of Ru.
  7401 | D:8      | Found a transporter.
  7423 | D:8      | Found a transporter.
  7610 | D:8      | Found a sand-covered staircase.
  7637 | Ossuary  | Entered an ossuary
  7656 | Ossuary  | Reached skill level 12 in Fighting
  7656 | Ossuary  | Reached skill level 12 in Axes
  7851 | Ossuary  | Reached ***** piety under Trog
  8467 | D:9      | Received a gift from Trog
  8503 | D:9      | Noticed Harold
  8512 | D:9      | HP: 3/91 [Harold/glaive of chopping (21)]
  8513 | D:9      | Mangled by Harold

Skill      XL: |  1  2  3  4  5  6  7  8  9 |
---------------+----------------------------+-----
Fighting       | 4 5 6 7 8 10 12 | 12.3
Axes           | 4 5 6 7 8 10 12 | 12.3
Armour         | |  2.4
Dodging        | |  2.1

Action                   |  1- 3 |  4- 6 |  7- 9 || total
-------------------------+-------+-------+-------++-------
Melee: Hand axe          |    85 |    32 |       ||   117
       Headbutt          |    12 |     8 |    78 ||    98
       War axe           |       |    20 |   334 ||   354
       Executioner's axe |       |       |     4 ||     4
 Fire: Hunting sling     |       |   142 |   112 ||   254
Invok: Trog's Hand       |       |     2 |     7 ||     9
       Berserk           |       |     1 |     3 ||     4
Evoke: Wand              |       |       |     3 ||     3
  Use: Scroll            |       |       |    10 ||    10
  Eat: Chunk             |     2 |     4 |    17 ||    23
       Ration            |       |     1 |     1 ||     2
Armor: Animal skin       |     6 |       |       ||     6
       Scale mail        |    11 |     7 |    56 ||    74
       Chain mail        |       |    24 |       ||    24
       Leather armour    |       |       |    54 ||    54
Dodge: Dodged            |    59 |    42 |   139 ||   240
Block: Shield            |       |       |   109 ||   109
